 Dungeon Crawl Stone Soup version 0.19-a0-53-ge6e6435 (webtiles) character file.

21 sadgrasan the Shield-Bearer (level 3, -4/29 HPs)
             Began as a Formicid Fighter on May 7, 2016.
             Killed from afar by Sigmund (12 damage)
             ... with a puff of flame
             ... on level 2 of the Dungeon.
             The game lasted 00:02:56 (963 turns).

sadgrasan the Shield-Bearer (Formicid Fighter)       Turns: 963, Time: 00:02:57

Health: -4/29      AC:  6    Str: 21    XL:     3   Next: 2%
Magic:  3/3        EV:  8    Int:  7    God:
Gold:   55         SH:  9    Dex: 10    Spells: 0 memorised, 2 levels left

rFire  . . .     SeeInvis +     a - +0 war axe
rCold  . . .     Gourm    .     b - +0 scale mail
rNeg   . . .     Faith    .     c - +0 shield
rPois  .         Spirit   .     (helmet unavailable)
rElec  .         Dismiss  .     (no cloak)
rCorr  .         Reflect  .     (no gloves)
SustAt .         Harm     .     (no boots)
MR     .....                    (no amulet)
Stlth  ..........               (no ring)
                                (no ring)

@: not resistant to hostile enchantments, extremely unstealthy
A: permanent stasis, dig shafts and tunnels, four strong arms, antennae 3
a: Dig, Shaft Self


You were on level 2 of the Dungeon.
You were not hungry.

You visited 1 branch of the dungeon, and saw 2 of its levels.

You collected 55 gold pieces.

Inventory:

Hand Weapons
 a - a +0 war axe (weapon)
Armour
 b - a +0 scale mail (worn)
 c - a +0 shield (worn)
Scrolls
 e - a scroll of remove curse {unknown}
 h - a scroll of teleportation {unknown}
 i - a scroll of immolation {unknown}
 j - a scroll of blinking {unknown}
 k - a scroll of enchant weapon {unknown}
 l - 2 scrolls of identify {unknown}
Potions
 d - a potion of might
 g - a potion of lignification {unknown}
Comestibles
 f - a bread ration


   Skills:
 + Level 3.4 Fighting
 + Level 2.3 Axes
 + Level 3.5 Armour
 + Level 4.2 Shields


You had 2 spell levels left.
You didn't know any spells.

Dungeon Overview and Level Annotations

Branches:
Dungeon (2/15)

Altars:

Annotations:
D:2 Sigmund


Innate Abilities, Weirdness & Mutations

You are under a permanent stasis effect.
You can dig through walls and to a lower floor.
Your four strong arms can wield two-handed weapons with a shield.
You have a pair of large antennae on your head (SInv).


Message History

You closely miss Sigmund.
Sigmund is lightly wounded.
You block Sigmund's attack.
You barely miss Sigmund.
Sigmund is lightly wounded.
Sigmund gestures at you while chanting. The puff of flame hits you!
You slash Sigmund!
Sigmund is heavily wounded.
Sigmund hits you with a scythe!
You hit Sigmund.
Sigmund is heavily wounded.
Sigmund points at you and mumbles some strange words.
The puff of flame hits you!
* * * LOW HITPOINT WARNING * * *
You closely miss Sigmund.
Sigmund is heavily wounded.
Sigmund casts a spell at you. The puff of flame hits you!
You die...

###### #.......
#...... #..8...
####....# {
##@#....## {##
#@#..#...#.@.#
#####.#.8{{{8..
#...{.<...#
#........##
#......$..#
#.......8...
#.......?.....
........?.......
##..............


You could see Sigmund.

Vanquished Creatures
  A giant gecko (D:1)
  2 goblins (D:1)
  4 hobgoblins (D:1)
  3 kobolds (D:1)
  3 ball pythons (D:1)
  4 bats (D:1)
  2 rats (D:1)
19 creatures vanquished.

Notes
Turn   | Place    | Note
--------------------------------------------------------------
     0 | D:1      | sadgrasan the Formicid Fighter began the quest for the Orb.
     0 | D:1      | Reached XP level 1. HP: 18/18 MP: 1/1
   138 | D:1      | Reached XP level 2. HP: 19/24 MP: 2/2
   258 | D:1      | Reached skill level 4 in Shields
   673 | D:1      | Reached XP level 3. HP: 28/29 MP: 3/3
   945 | D:2      | Noticed Sigmund
   963 | D:2      | Killed from afar by Sigmund

Vault maps used:
D:1:      matt_arrival_refuge, serial_forest, infiniplex_forest_side_room,
          infiniplex_forest_corner_1, infiniplex_forest_corner_2,
          infiniplex_forest_clump_C, infiniplex_forest_clump_cross,
          infiniplex_forest_clump_curved
D:2:      kennysheep_pointless_box, grunt_decor_resistance,
          minmay_misc_feat_four_crosses, uniq_sigmund

Skill      XL: |  1  2 |
---------------+-------+-----
Shields        | 4 |  4.2
Fighting       | |  3.4
Axes           | |  2.3
Armour         | |  3.5

Action                   || total
-------------------------++-------
Melee: War axe           ||    76
 Abil: Dig               ||     1
Armor: Scale mail        ||    42
Dodge: Dodged            ||    35
Block: Shield            ||    69
